 Dungeon Crawl Stone Soup version 0.27-a0-650-g8dd3ea4f36 (webtiles) character file.

Game seed: 17712081419740515095

38 RBrandon the Bolt Thrower (level 3, 0/27 HPs)
             Began as a Demonspawn Hunter on Mar 15, 2021.
             Slain by a goblin
             ... wielding a +0 dagger
             ... led by Robin
              (5 damage)
             ... on level 2 of the Dungeon.
             The game lasted 00:02:34 (822 turns).

RBrandon the Bolt Thrower (Demonspawn Hunter)        Turns: 822, Time: 00:02:35

Health: 0/27       AC:  3    Str: 13    XL:     3   Next: 25%
Magic:  3/3        EV: 11    Int: 12    God:
Gold:   119        SH:  0    Dex: 13    Spells: 2/2 levels left

rFire    . . .     SeeInvis .   b - +1 hand crossbow
rCold    . . .     Faith    .   (no shield)
rNeg     . . .     Spirit   .   a - +0 leather armour
rPois    .         Reflect  .   (helmet restricted)
rElec    .         Harm     .   (no cloak)
rCorr    .         Rampage  .   (no gloves)
Will     .....                  (no boots)
Stlth    +.........             (no amulet)
HPRegen  0.09/turn              (no ring)
MPRegen  0.08/turn              (no ring)

@: no status effects
A: antennae 1, claws 1
a: no special abilities


You were on level 2 of the Dungeon.
You visited 1 branch of the dungeon, and saw 2 of its levels.

You collected 119 gold pieces.

Inventory:

Hand Weapons
 b - a +1 hand crossbow (weapon)
 c - a +0 short sword
Missiles
 d - 34 bolts (quivered ammo)
Armour
 a - a +0 leather armour (worn)
 k - a +0 ring mail
Scrolls
 e - 3 scrolls of identify {unknown}
 i - a scroll of fear {unknown}
Potions
 f - a potion of curing {unknown}
 g - a potion of cancellation {unknown}
 h - a potion of flight {unknown}
 j - a potion of heal wounds {unknown}


   Skills:
 - Level 2.1 Fighting
 - Level 3.8 Crossbows
 - Level 2.0 Dodging
 - Level 1.1 Stealth
 + Level 1.9 Unarmed Combat


You had 2 spell levels left.
You didn't know any spells.
Your spell library was empty.

Dungeon Overview and Level Annotations

Branches:
Dungeon (2/15)

Altars:


Innate Abilities, Weirdness & Mutations

You have a pair of small antennae on your head.
You have sharp fingernails.


Message History

You shoot a bolt. The bolt barely misses the goblin.
Fire: 40 bolts
Press: ? - help, Q - select action Shift-Dir - straight line, f/p - goblin
Aim: a goblin, wielding a +0 dagger (strong, 58% to hit)
You shoot a bolt. The bolt closely misses the goblin.
The goblin hits you with a +0 dagger. The goblin closely misses you.
Fire: 39 bolts
Press: ? - help, Q - select action Shift-Dir - straight line, f/p - goblin
Aim: a goblin, wielding a +0 dagger (strong, 58% to hit)
You shoot a bolt. The bolt misses the goblin.
The goblin closely misses you.
Fire: 38 bolts
Press: ? - help, Q - select action Shift-Dir - straight line, f/p - goblin
Aim: a goblin, wielding a +0 dagger (strong, 58% to hit)
You shoot a bolt.
The bolt hits the goblin but does no damage.
The goblin hits you with a +0 dagger.
* * * LOW HITPOINT WARNING * * *
A goblin comes into view. It is wielding a +0 club.
Fire: 37 bolts
Press: ? - help, Q - select action Shift-Dir - straight line, f - goblin, p - goblin
Aim: a goblin, wielding a +0 club (58% to hit)
You shoot a bolt. The bolt hits the goblin.
The goblin is moderately wounded.
The goblin hits you with a +0 dagger.
* * * LOW HITPOINT WARNING * * *
Fire: 36 bolts
Press: ? - help, Q - select action Shift-Dir - straight line, f/p - goblin
Aim: a goblin, wielding a +0 club (58% to hit)
You shoot a bolt. The bolt hits the goblin.
The goblin is severely wounded.
The goblin hits you but does no damage. The goblin hits you with a +0 dagger.
* * * LOW HITPOINT WARNING * * *
Fire: 35 bolts
Press: ? - help, Q - select action Shift-Dir - straight line, f/p - goblin
Aim: a goblin, wielding a +0 club (58% to hit)
You shoot a bolt. The bolt barely misses the goblin.
The bolt closely misses the goblin.
The goblin hits you with a +0 dagger.
You die...

.............#
##.........#
#.........#
#(.......[#
#.........#
#######.......##
#............##
#.############
#@# #g# {#g# #)#
#.# #.(# ...##
####


You could see 2 goblins.

Vanquished Creatures
  Robin (D:2)
  An adder (D:2)
  2 dart slugs (D:1)
  A leopard gecko (D:2)
  3 goblins (D:2)
  2 hobgoblins
  4 bats
  2 frilled lizards (D:1)
  A kobold (D:2)
  A rat (D:1)
18 creatures vanquished.

Notes
Turn   | Place    | Note
-------+----------+-------------------------------------------
     0 | D:1      | RBrandon the Demonspawn Hunter began the quest for the Orb.
     0 | D:1      | Reached XP level 1. HP: 16/16 MP: 1/1
   176 | D:1      | Reached skill level 1 in Stealth
   582 | D:1      | Gained mutation: You have sharp fingernails. [demonic
                  | ancestry]
   582 | D:1      | Reached XP level 2. HP: 22/22 MP: 2/2
   734 | D:2      | Reached skill level 1 in Unarmed Combat
   806 | D:2      | Noticed Robin
   815 | D:2      | Killed Robin
   816 | D:2      | Gained mutation: You have a pair of small antennae on your
                  | head. [demonic ancestry]
   816 | D:2      | Reached XP level 3. HP: 19/27 MP: 3/3
   822 | D:2      | Slain by a goblin

Illustrated notes

Levels and vault maps discovered:
D:1:      lemuel_arrival_behind_the_door_large, layout_loops_cross,
          minmay_pentomino_q4
D:2:      layout_rooms, marbit_many_paths, st_stairs_7, uniq_robin

Skill      XL: |  1  2 |
---------------+-------+-----
Stealth        | 1 |  1.1
Dodging        | 2 |  2.0
Unarmed Combat | 1 |  1.9
Fighting       | |  2.1
Crossbows      | |  3.8

Action                   || total
-------------------------++-------
Melee: Short sword       ||    29
       Unarmed           ||    16
 Fire: Hand crossbow     ||    19
Armor: Leather armour    ||    21
Dodge: Dodged            ||    38

Table legend: (Time is in decaauts)
 A = Elapsed time spent in this place.
 B = Non-inter-level travel time spent in this place.
 C = Inter-level travel time spent in this place.
 D = Time resting spent in this place.
 E = Time spent auto-exploring this place.
 F = Levels seen in this place.
 G = Mean time per level.
                   A        B        C        D        E       F      G
               +--------+--------+--------+--------+--------+-----+--------+
         Total |    826 |    790 |     36 |     81 |    536 |   2 |  413.0 |
       Dungeon |    826 |    790 |     36 |     81 |    536 |   2 |  413.0 |
               +--------+--------+--------+--------+--------+-----+--------+

Top non-repeatable levels by time:
     D:1: 641 daAuts
     D:2: 185 daAuts

Table legend:
 A = Kills in this place as a percentage of kills in entire the game.
 B = Kills by you in this place as a percentage of kills by you in the entire game.
 C = Kills by friends in this place as a percentage of kills by friends in the entire game.
 D = Other kills in this place as a percentage of other kills in the entire game.
 E = Experience gained in this place as a percentage of experience gained in the entire game.
 F = Experience gained in this place divided by the number of levels of this place that you have seen.
                   A       B       C       D       E      F
               +-------+-------+-------+-------+-------+----------------------
         Total | 100.0 | 100.0 |   N/A |   N/A | 100.0 |  27.5
       Dungeon | 100.0 | 100.0 |   N/A |   N/A | 100.0 |  27.5
               +-------+-------+-------+-------+-------+----------------------
